AoeStats
← BetteraveRouge

African Clearing

510324360Analyzed
2v2 RM · 3d ago on Sep 30, 2026· 41m 53s· 4 players
Game mode
Random Map
Map size
Medium (4 player)
Population
200
Speed
Normal
Resources
Standard
Victory
Conquest
Starting age
Dark Age
Ending age
Imperial Age
RankedLock teamsTeams togetherTeam positionsShared explorationLock speedFull tech treeHidden civsTurbo modeCheats
Victory
Defeat
🇹🇼 Spanish · Taiwan
1372
+13
🇹🇼 Varangians · Taiwan
1356
+14
🇫🇷 Shu · France
1339
-15
🇫🇷 Spanish · France
1281
-12
Mandrianus
8:32 Loom
13:42 Feudal Age
13:45 Man-at-Arms
14:14 Double-Bit Axe
20:25 Castle Age
18:44 Fletching
19:17 Padded Archer Armor
19:16 Horse Collar
20:27 Crossbowman
26:47 Thumb Ring
31:08 Ballistics
31:33 Bodkin Arrow
33:25 Stone Mining
42:01 Leather Archer Armor
BetteraveRouge
6:28 Loom
12:06 Feudal Age
13:31 Double-Bit Axe
19:18 Castle Age
17:39 Stone Mining
22:04 Fletching
24:18 Padded Archer Armor
26:51 Horse Collar
29:01 Bloodlines
31:53 Bow Saw
33:46 Town Watch
36:52 Padded Archer Armor
37:30 Husbandry
41:13 Gold Mining
42:00 Wheelbarrow
[ITCF]Hentai
9:16 Loom
11:54 Feudal Age
13:21 Feudal Age
17:43 Castle Age
16:24 Town Watch
16:28 Double-Bit Axe
16:34 Horse Collar
19:04 Town Watch
22:15 Padded Archer Armor
26:24 Leather Archer Armor
28:10 Light Cavalry
28:50 Husbandry
29:03 Stone Mining
30:56 Bloodlines
32:19 Wheelbarrow
32:55 Herbal Medicine
34:11 Bow Saw
38:37 Imperial Age
36:26 Scale Barding Armor
36:58 Heavy Plow
40:06 Ring Archer Armor
40:56 Conscription
42:07 Gold Mining
[ITCF]yuli
11:43 Feudal Age
11:11 Loom
12:41 Double-Bit Axe
14:23 Bloodlines
16:16 Forging
19:45 Scale Barding Armor
25:08 Castle Age
24:13 Horse Collar
25:11 Light Cavalry
25:52 Husbandry
26:16 Chain Barding Armor
27:40 Iron Casting
32:36 Wheelbarrow
31:47 Town Watch
35:30 Heavy Plow
35:53 Bow Saw
40:17 Imperial Age
40:19 Cavalier
41:49 Plate Barding Armor
42:15 Blast Furnace
42:09 Hand Cart
42:22 Conscription
Connection lost

Rejoining the realm…

Still unreachable

The connection could not be restored.

Session expired

The server has moved on; the page needs a fresh start.